TOP OF THE 1ST |
Williamsport Crosscutters batting - Pitching for Salem-Keizer Volcanoes : RHP Chong-hun Park
|
Pitching: RHP Chong-hun Park
|
|
Batting: LHB Bryant Dill
|
0-0: SINGLE (Line Drive, 8LS, EV 95.0 MPH)
|
Batting: LHB Ryan Young
|
0-0: Called Strike 0-1: Ball 1-1: Fly out, F9 (Flyball, 9, EV 76.9 MPH)
|
Batting: LHB Jean-Claude Vanbiesbrouck
|
0-0: Ball 1-0: Called Strike 1-1: Foul Ball, location: 2F 1-2: Ball 2-2: Foul Ball, location: 2F 2-2: Strikes out swinging
|
Batting: LHB Jason Duda
|
0-0: Ball 1-0: Ball 2-0: Swinging Strike 2-1: Ball 3-1: Swinging Strike 3-2: Foul Ball, location: 2F 3-2: Strikes out swinging
|
Top of the 1st over - 0 runs, 1 hit, 0 errors, 1 left on base; Williamsport 0 - Salem-Keizer 0 |
BOTTOM OF THE 1ST |
Salem-Keizer Volcanoes batting - Pitching for Williamsport Crosscutters : LHP Gilg Martin
|
Pitching: LHP Gilg Martin
|
|
Batting: RHB Adrian Martinelli
|
0-0: Ball 1-0: Ball 2-0: Swinging Strike 2-1: Swinging Strike 2-2: Ball 3-2: Strikes out swinging
|
Batting: RHB Mario Saez
|
0-0: SOLO HOME RUN (Line Drive, 8LXD, EV 115.6 MPH), Distance : 460 ft
|
Batting: RHB Tony Logan
|
0-0: SINGLE (Groundball, 6M, EV 105.0 MPH) (infield hit)
|
Batting: LHB Ben Radach
|
0-0: SINGLE (Groundball, 4D, EV 99.4 MPH) Tony Logan to second Runner from 2nd tries for 3rd, OUT! 9-5
|
Batting: LHB Chris Raymond
|
0-0: Called Strike 0-1: Ball 1-1: Foul Ball, location: 2F 1-2: Fly out, F8 (Flyball, 89XD, EV 106.2 MPH)
|
Bottom of the 1st over - 1 run, 3 hits, 0 errors, 1 left on base; Williamsport 0 - Salem-Keizer 1 |
TOP OF THE 2ND |
Williamsport Crosscutters batting - Pitching for Salem-Keizer Volcanoes : RHP Chong-hun Park
|
Batting: LHB Dennis French
|
0-0: Called Strike 0-1: Called Strike 0-2: Ground out 6-3 (Groundball, 6M, EV 108.8 MPH)
|
Batting: RHB Frank Ramirez
|
0-0: Foul Ball, location: 2F 0-1: Called Strike 0-2: Ball 1-2: Strikes out looking
|
Batting: RHB Steve Kirby
|
0-0: Foul Ball, location: 2F 0-1: Called Strike 0-2: Strikes out swinging
|
Top of the 2nd over - 0 runs, 0 hits, 0 errors, 0 left on base; Williamsport 0 - Salem-Keizer 1 |
BOTTOM OF THE 2ND |
Salem-Keizer Volcanoes batting - Pitching for Williamsport Crosscutters : LHP Gilg Martin
|
Batting: LHB Mike Sammons
|
0-0: Ball 1-0: Called Strike 1-1: Swinging Strike 1-2: Foul Ball, location: 2F 1-2: Ball 2-2: Foul Ball, location: 2F 2-2: Foul Ball, location: 2F 2-2: Ball 3-2: Foul Ball, location: 2F 3-2: Foul Ball, location: 2F 3-2: Hit by Pitch
|
Batting: RHB Tony Harper
|
0-0: Ball 1-0: Foul Ball, location: 2F 1-1: Foul Ball, location: 2F 1-2: Fielders Choice at 2nd, 6-4 (Groundball, 6, EV 106.2 MPH)
|
Batting: SHB Curtis Thompson
|
0-0: Ball 1-0: DOUBLE (Line Drive, 89D, EV 100.6 MPH) Tony Harper to third
|
Batting: RHB Andy Cunningham
|
0-0: Foul Ball, location: 2F 0-1: Called Strike 0-2: Foul Ball, location: 2F 0-2: Ball 1-2: Ball 2-2: Ball 3-2: Base on Balls
|
Batting: RHB Adrian Martinelli
|
0-0: DOUBLE (Flyball, 78D, EV 90.0 MPH) Tony Harper scores Curtis Thompson scores Andy Cunningham to third
|
Batting: RHB Mario Saez
|
0-0: Foul Ball, location: 2F 0-1: Ball 1-1: Foul Ball, location: 2F 1-2: Foul Ball, location: 2F 1-2: Ground out 6-3 (Groundball, 6, EV 91.9 MPH) Andy Cunningham scores Adrian Martinelli to third
|
Batting: RHB Tony Logan
|
0-0: Swinging Strike 0-1: Swinging Strike 0-2: Ball 1-2: Ball 2-2: Ball 3-2: Strikes out swinging
|
Bottom of the 2nd over - 3 runs, 2 hits, 0 errors, 1 left on base; Williamsport 0 - Salem-Keizer 4 |
TOP OF THE 3RD |
Williamsport Crosscutters batting - Pitching for Salem-Keizer Volcanoes : RHP Chong-hun Park
|
Batting: RHB Rafael Soto
|
0-0: Ground out 4-3 (Groundball, 6MD, EV 89.4 MPH)
|
Batting: RHB Allen Deschamps
|
0-0: Ball 1-0: Ball 2-0: Called Strike 2-1: SINGLE (Groundball, 56, EV 100.0 MPH)
|
Batting: LHB Bryant Dill
|
0-0: Foul Ball, location: 2F 0-1: Foul Ball, location: 2F 0-2: Foul Ball, location: 2F 0-2: Ball 1-2: Strikes out swinging
|
Batting: LHB Ryan Young
|
0-0: Ball 1-0: Ball 2-0: Called Strike 2-1: Foul Ball, location: 2F 2-2: Ball 3-2: Strikes out swinging
|
Top of the 3rd over - 0 runs, 1 hit, 0 errors, 1 left on base; Williamsport 0 - Salem-Keizer 4 |
BOTTOM OF THE 3RD |
Salem-Keizer Volcanoes batting - Pitching for Williamsport Crosscutters : LHP Gilg Martin
|
Batting: LHB Ben Radach
|
0-0: Ball 1-0: SINGLE (Flyball, 6D, EV 97.5 MPH)
|
Batting: LHB Chris Raymond
|
0-0: Foul Ball, location: 2F 0-1: Ball 1-1: Fielders Choice at 2nd, 3-6 (Groundball, 34, EV 93.1 MPH)
|
Batting: LHB Mike Sammons
|
0-0: Ball 1-0: Called Strike 1-1: DOUBLE (Flyball, 89D, EV 90.0 MPH) Chris Raymond to third Runner from 3rd tries for Home, SAFE, throw by RF to home
|
Pitching: RHP George Crousse
|
|
Batting: RHB Tony Harper
|
0-0: Ball 1-0: SINGLE (Groundball, 56D, EV 99.4 MPH) Mike Sammons to third Runner from 3rd tries for Home, SAFE, throw by LF to home
|
Batting: SHB Curtis Thompson
|
0-0: Swinging Strike 0-1: Ball 1-1: Ball 2-1: Ball Wild Pitch! Tony Harper to second 3-1: Fly out, F3 (Line Drive, 3, EV 65.6 MPH)
|
Batting: RHB Andy Cunningham
|
0-0: Called Strike 0-1: Called Strike 0-2: Strikes out swinging passed ball, reaches first! Tony Harper to third
|
Batting: RHB Adrian Martinelli
|
0-0: Ground out 2-3 (Groundball, 2L, EV 75.6 MPH)
|
Bottom of the 3rd over - 2 runs, 3 hits, 0 errors, 2 left on base; Williamsport 0 - Salem-Keizer 6 |
TOP OF THE 4TH |
Williamsport Crosscutters batting - Pitching for Salem-Keizer Volcanoes : RHP Chong-hun Park
|
Batting: LHB Jean-Claude Vanbiesbrouck
|
0-0: SINGLE (Line Drive, 4MD, EV 98.8 MPH)
|
Batting: LHB Jason Duda
|
Pickoff Throw to First - Out! 1-3 0-0: Ball 1-0: Ball 2-0: SINGLE (Groundball, 34D, EV 98.1 MPH)
|
Batting: LHB Dennis French
|
0-0: Ball 1-0: Ball 2-0: Foul Ball, location: 2F 2-1: Ball 3-1: Swinging Strike 3-2: Base on Balls Jason Duda to second
|
Batting: RHB Frank Ramirez
|
0-0: Ball 1-0: Foul Ball, location: 2F 1-1: Swinging Strike Passed Ball! Jason Duda to third Dennis French to second 1-2: Strikes out swinging
|
Batting: RHB Steve Kirby
|
0-0: Ball 1-0: Called Strike 1-1: Called Strike 1-2: Foul Ball, location: 2F 1-2: Strikes out swinging
|
Top of the 4th over - 0 runs, 2 hits, 0 errors, 2 left on base; Williamsport 0 - Salem-Keizer 6 |
BOTTOM OF THE 4TH |
Salem-Keizer Volcanoes batting - Pitching for Williamsport Crosscutters : RHP George Crousse
|
Batting: RHB Mario Saez
|
0-0: Ball 1-0: Called Strike 1-1: Called Strike 1-2: Foul Ball, location: 2F 1-2: Ball 2-2: Ball 3-2: Ground out 5-3 (Groundball, 5, EV 104.4 MPH)
|
Batting: RHB Tony Logan
|
0-0: SINGLE (Line Drive, 56D, EV 99.4 MPH)
|
Batting: LHB Ben Radach
|
0-0: Fly out, F9 (Flyball, 9, EV 88.1 MPH)
|
Batting: LHB Chris Raymond
|
0-0: Called Strike 0-1: Foul Ball, location: 2F 0-2: SINGLE (Groundball, 4MD, EV 110.0 MPH) Tony Logan to second Runner from 2nd tries for 3rd, OUT after rundown.
|
Bottom of the 4th over - 0 runs, 2 hits, 0 errors, 1 left on base; Williamsport 0 - Salem-Keizer 6 |
TOP OF THE 5TH |
Williamsport Crosscutters batting - Pitching for Salem-Keizer Volcanoes : RHP Chong-hun Park
|
Batting: RHB Rafael Soto
|
0-0: Ball 1-0: Ball 2-0: Ground out 5-3 (Groundball, 5, EV 100.6 MPH)
|
Batting: RHB Allen Deschamps
|
0-0: Ball 1-0: Ball 2-0: Swinging Strike 2-1: Ground out 5-3 (Groundball, 5, EV 109.4 MPH)
|
Batting: LHB Bryant Dill
|
0-0: Ball 1-0: Called Strike 1-1: Called Strike 1-2: Strikes out swinging
|
Top of the 5th over - 0 runs, 0 hits, 0 errors, 0 left on base; Williamsport 0 - Salem-Keizer 6 |
BOTTOM OF THE 5TH |
Salem-Keizer Volcanoes batting - Pitching for Williamsport Crosscutters : RHP George Crousse
|
Batting: LHB Mike Sammons
|
0-0: Swinging Strike 0-1: Ball 1-1: Called Strike 1-2: Ball 2-2: Strikes out swinging
|
Batting: RHB Tony Harper
|
0-0: Ball 1-0: SINGLE (Flyball, 8RS, EV 91.9 MPH)
|
Batting: SHB Curtis Thompson
|
0-0: Called Strike 0-1: Swinging Strike 0-2: Ground out 6-3 (Groundball, 4MS, EV 63.8 MPH) Tony Harper to second
|
Batting: RHB Andy Cunningham
|
0-0: Called Strike 0-1: Fly out, F9 (Flyball, 9D, EV 75.0 MPH)
|
Bottom of the 5th over - 0 runs, 1 hit, 0 errors, 1 left on base; Williamsport 0 - Salem-Keizer 6 |
TOP OF THE 6TH |
Williamsport Crosscutters batting - Pitching for Salem-Keizer Volcanoes : RHP Chong-hun Park
|
Batting: LHB Ryan Young
|
0-0: Ball 1-0: Called Strike 1-1: Ball 2-1: SINGLE (Groundball, 34S, EV 65.0 MPH) (infield hit)
|
Batting: LHB Jean-Claude Vanbiesbrouck
|
0-0: Ball 1-0: Ball Ryan Young is caught stealing 2nd base 2-6 2-0: Ball 3-0: Called Strike 3-1: SINGLE (Line Drive, 9S, EV 98.1 MPH)
|
Batting: LHB Jason Duda
|
0-0: Ball 1-0: Foul Ball, location: 2F 1-1: Ball 2-1: Foul Ball, location: 2F 2-2: Ground out 4-3 (Groundball, 34D, EV 106.2 MPH) Jean-Claude Vanbiesbrouck to second
|
Batting: LHB Dennis French
|
0-0: Called Strike 0-1: Fly out, F9 (Flyball, 9, EV 86.2 MPH)
|
Top of the 6th over - 0 runs, 2 hits, 0 errors, 1 left on base; Williamsport 0 - Salem-Keizer 6 |
BOTTOM OF THE 6TH |
Salem-Keizer Volcanoes batting - Pitching for Williamsport Crosscutters : RHP George Crousse
|
Batting: RHB Adrian Martinelli
|
0-0: Called Strike 0-1: Called Strike 0-2: Foul Ball, location: 2F 0-2: Ball 1-2: Foul Ball, location: 2F 1-2: Foul Ball, location: 2F 1-2: SINGLE (Flyball, 89S, EV 98.8 MPH) - OUT at second base trying to stretch hit.
|
Pitching: LHP Justin Thornton
|
|
Batting: RHB Mario Saez
|
0-0: Ball 1-0: Foul Ball, location: 2F 1-1: Swinging Strike 1-2: Fly out, F7 (Flyball, 7S, EV 95.0 MPH)
|
Batting: RHB Tony Logan
|
0-0: Called Strike 0-1: Ball 1-1: Ground out 6-3 (Groundball, 6, EV 101.9 MPH)
|
Bottom of the 6th over - 0 runs, 1 hit, 0 errors, 0 left on base; Williamsport 0 - Salem-Keizer 6 |
TOP OF THE 7TH |
Williamsport Crosscutters batting - Pitching for Salem-Keizer Volcanoes : RHP Chong-hun Park
|
Pitching: LHP Willis Escobedo
|
|
Batting: RHB Frank Ramirez
|
0-0: Ball 1-0: Ball 2-0: Called Strike 2-1: Called Strike 2-2: Strikes out swinging, 2-3 out at first.
|
Batting: RHB Steve Kirby
|
0-0: Fly out, F7 (Line Drive, 7, EV 91.2 MPH)
|
Batting: RHB Rafael Soto
|
0-0: Foul Ball, location: 2F 0-1: Ball 1-1: Ball 2-1: Swinging Strike 2-2: Strikes out swinging
|
Top of the 7th over - 0 runs, 0 hits, 0 errors, 0 left on base; Williamsport 0 - Salem-Keizer 6 |
BOTTOM OF THE 7TH |
Salem-Keizer Volcanoes batting - Pitching for Williamsport Crosscutters : LHP Justin Thornton
|
Batting: LHB Ben Radach
|
0-0: Ball 1-0: Swinging Strike 1-1: Swinging Strike 1-2: SOLO HOME RUN (Line Drive, 9D, EV 107.5 MPH), Distance : 390 ft
|
Batting: LHB Chris Raymond
|
0-0: Ball 1-0: Ball 2-0: Ball 3-0: Base on Balls
|
Batting: LHB Mike Sammons
|
0-0: Ball 1-0: Ball 2-0: Ball 3-0: Called Strike 3-1: Foul Ball, location: 2F 3-2: SINGLE (Groundball, 4MS, EV 93.8 MPH) (infield hit) Chris Raymond to second
|
Pinch Hitting: RHB Teruhide Horiuchi
|
0-0: Called Strike 0-1: Ball 1-1: Foul Ball, location: 2F 1-2: Foul Ball, location: 2F 1-2: Ball 2-2: Ball 3-2: Base on Balls Chris Raymond to third Mike Sammons to second
|
Pinch Hitting: RHB Robby Adair
|
0-0: Ball 1-0: Ball 2-0: Swinging Strike 2-1: Foul Ball, location: 2F 2-2: Ball 3-2: Strikes out looking
|
Batting: RHB Andy Cunningham
|
0-0: Ball 1-0: Foul Ball, location: 2F 1-1: Called Strike 1-2: Ball 2-2: Ball 3-2: Base on Balls Chris Raymond scores Mike Sammons to third Teruhide Horiuchi to second
|
Pitching: RHP Tim Starks
|
|
Pinch Hitting: RHB Shinji Aizawa
|
0-0: Foul Ball, location: 2F 0-1: SINGLE (Groundball, 6MD, EV 96.9 MPH) Mike Sammons scores Teruhide Horiuchi to third Andy Cunningham to second Runner from 3rd tries for Home, throw by CF and OUT! 8-2 Andy Cunningham to third Shinji Aizawa to second
|
Batting: RHB Mario Saez
|
0-0: Foul Ball, location: 2F 0-1: Fly out, F9 (Flyball, 9S, EV 85.6 MPH)
|
Bottom of the 7th over - 3 runs, 3 hits, 0 errors, 2 left on base; Williamsport 0 - Salem-Keizer 9 |
TOP OF THE 8TH |
Williamsport Crosscutters batting - Pitching for Salem-Keizer Volcanoes : LHP Willis Escobedo
|
Now at 2B: Santiago Chavira
|
|
Now at 3B: Shinji Aizawa
|
|
Now in RF: Teruhide Horiuchi
|
|
Batting: RHB Allen Deschamps
|
0-0: Called Strike 0-1: Foul Ball, location: 2F 0-2: Foul Ball, location: 2F 0-2: Ball 1-2: Fly out, F7 (Line Drive, 7, EV 88.8 MPH)
|
Batting: LHB Bryant Dill
|
0-0: Called Strike 0-1: Ball 1-1: Swinging Strike 1-2: Foul Ball, location: 2F 1-2: Ball 2-2: Strikes out swinging
|
Pitching: LHP Robert Soto
|
|
Batting: LHB Ryan Young
|
0-0: Called Strike 0-1: Ball 1-1: Ball 2-1: Ground out 6-3 (Groundball, 6M, EV 85.0 MPH)
|
Top of the 8th over - 0 runs, 0 hits, 0 errors, 0 left on base; Williamsport 0 - Salem-Keizer 9 |
BOTTOM OF THE 8TH |
Salem-Keizer Volcanoes batting - Pitching for Williamsport Crosscutters : RHP Tim Starks
|
Batting: RHB Tony Logan
|
0-0: DOUBLE (Line Drive, 7LM, EV 88.1 MPH)
|
Batting: LHB Ben Radach
|
0-0: Called Strike 0-1: Foul Ball, location: 2F 0-2: SINGLE (Line Drive, 4D, EV 98.8 MPH) Tony Logan to third
|
Batting: LHB Chris Raymond
|
0-0: Called Strike 0-1: Swinging Strike 0-2: 3-RUN HOME RUN (Flyball, 7LD, EV 97.5 MPH), Distance : 376 ft
|
Batting: LHB Mike Sammons
|
0-0: Called Strike 0-1: Ball 1-1: Swinging Strike 1-2: SINGLE (Groundball, 4MD, EV 93.8 MPH)
|
Pinch Hitting: SHB Miguel Sierra
|
0-0: Swinging Strike 0-1: Ball 1-1: Ball 2-1: Ball 3-1: Grounds into double play, 6-4-3 (Groundball, 6, EV 100.0 MPH)
|
Batting: LHB Santiago Chavira
|
0-0: Fly out, F5 (Line Drive, 5L, EV 66.2 MPH)
|
Bottom of the 8th over - 3 runs, 4 hits, 0 errors, 0 left on base; Williamsport 0 - Salem-Keizer 12 |
TOP OF THE 9TH |
Williamsport Crosscutters batting - Pitching for Salem-Keizer Volcanoes : LHP Robert Soto
|
Now in LF: Miguel Sierra
|
|
Now in RF: Mario Saez
|
|
Batting: LHB Jean-Claude Vanbiesbrouck
|
0-0: Ball 1-0: Swinging Strike 1-1: Ball 2-1: Ball 3-1: Called Strike 3-2: Foul Ball, location: 2F 3-2: SINGLE (Flyball, 3D, EV 93.1 MPH)
|
Batting: LHB Jason Duda
|
0-0: Foul Ball, location: 2F 0-1: Ball Wild Pitch! Jean-Claude Vanbiesbrouck to second 1-1: Ball 2-1: Foul Ball, location: 2F 2-2: Ball 3-2: 2-RUN HOME RUN (Flyball, 89XD, EV 106.2 MPH), Distance : 408 ft
|
Batting: LHB Dennis French
|
0-0: Ball 1-0: Ball 2-0: Ball 3-0: Fly out, F7 (Flyball, 7D, EV 100.0 MPH)
|
Batting: RHB Frank Ramirez
|
0-0: SINGLE (Line Drive, 4M, EV 95.6 MPH)
|
Batting: RHB Steve Kirby
|
0-0: Ball 1-0: Ball 2-0: Ball 3-0: Base on Balls Frank Ramirez to second
|
Batting: RHB Rafael Soto
|
0-0: Grounds into double play, 4-6-3 (Groundball, 4M, EV 86.9 MPH)
|
Top of the 9th over - 2 runs, 3 hits, 0 errors, 1 left on base; Williamsport 2 - Salem-Keizer 12 |
|